 Dungeon Crawl Stone Soup version 0.30-a0-556-g0a0f5a245f (webtiles) character file.

Game seed: 8216194891079066051

2503 M4edhros the Sneak (level 9, -1/87 HPs)
             Began as an Octopode Artificer on Dec 26, 2022.
             Was a Priest of Cheibriados.
             Slain by a warg (2 damage)
             ... on level 6 of the Dungeon.
             The game lasted 00:10:03 (4072 turns).

M4edhros the Sneak (Octopode Artificer)             Turns: 4072, Time: 00:10:04

Health: -1/87      AC: 24    Str: 19    XL:     9   Next: 53%
Magic:  9/9        EV:  2    Int: 20    God:    Cheibriados [***...]
Gold:   213        SH:  0    Dex: 23    Spells: 3/8 levels left

rFire   . . .      SeeInvis .      - Unarmed
rCold   . . .      Faith    .    (no shield)
rNeg    . . .      Spirit   .    (helmet currently unavailable)
rPois   +          Reflect  .    (no amulet)
rElec   .          Harm     .    q - ring of poison resistance
rCorr   .          Rampage  .    (no ring)
Will    +....      NoTele   +    (no ring)
Stlth   ++++                     (no ring)
HPRegen 0.34/turn                (no ring)
MPRegen 0.11/turn                (no ring)
                                 (no ring)
                                 (no ring)

@: mighty, tree-form, very slow
A: stationary, stasis, torment immunity, boosted hp, almost no armour,
(amphibious), 8 rings, (camouflage 1), (gelatinous body 1), (nimble swimmer 1),
(tentacles), strong-willed 1
a: Renounce Religion, Bend Time, Temporal Distortion


You were on level 6 of the Dungeon.
You worshipped Cheibriados.
Cheibriados was most pleased with you.
You were a tree.
You visited 2 branches of the dungeon, and saw 8 of its levels.

You collected 213 gold pieces.

Inventory:

Jewellery
 q - a ring of poison resistance (left branch)
Wands
 b - a wand of flame (6) (quivered)
 c - a wand of charming (1)
Scrolls
 d - a scroll of noise {unknown}
 g - 4 scrolls of teleportation
 h - a scroll of magic mapping {unknown}
 i - a scroll of blinking {unknown}
 k - a scroll of enchant armour {unknown}
 o - a scroll of silence
 s - a scroll of vulnerability
Potions
 n - 2 potions of flight


   Skills:
 - Level 4.0 Fighting
 * Level 6.0 Dodging
 + Level 6.9 Stealth
 * Level 6.7 Unarmed Combat
 + Level 2.1 Conjurations
 + Level 2.0 Summonings
 + Level 2.2 Air Magic
 + Level 2.5 Poison Magic
 - Level 5.4 Evocations


You had 3 spell levels left.
You knew the following spells:

 Your Spells              Type           Power      Damage    Failure   Level
a - Mephitic Cloud        Conj/Pois/Air  9%         N/A       22%         3
b - Call Imp              Summ           8%         N/A       12%         2

Your spell library contained the following spells:

 Spells                   Type           Power      Damage    Failure   Level
 Magic Dart               Conj           32%        1d4       9%          1
 Ignite Poison            Fire/Tmut/Pois 3%         N/A       38%         3
 Sticky Flame             Conj/Fire      4%         2d3       77%         4
 Borgnjor's Revivificati  Necr           0%         N/A       100%        8
 Ignition                 Fire           0%         3d3       100%        8
 Necromutation            Tmut/Necr      0%         N/A       100%        8
 Death's Door             Necr           0%         N/A       100%        9


Dungeon Overview and Level Annotations

Branches:
Dungeon (7/15)             Temple (1/1) D:7

Altars:
Ashenzari
Cheibriados
Dithmenos
Fedhas
Gozag
Kikubaaqudgha
Nemelex Xobeh
Qazlal
Ru
Trog
Uskayaw
Vehumet
Wu Jian
The Shining One


Innate Abilities, Weirdness & Mutations

You are a tree.
Your roots penetrate the ground, keeping you stationary.
You cannot be teleported.
You are immune to unholy pain and torment.
Your maximum health is greatly increased.
You cannot wear most types of armour.
((You are amphibious.))
You can wear up to eight rings at the same time.
((Your skin changes colour to match your surroundings (Stealth+).))
((Your rubbery body absorbs attacks. (AC +1, EV +1)))
((You are camouflaged when in or above water. (Stealth+)))
((You have tentacles for arms and can constrict up to eight enemies at once.))
You are strong-willed. (Will+)


Message History

The warg bites you but does no damage.
The orc warrior hits you but does no damage.
You pummel the orc warrior!!
You kill the orc warrior!
Cheibriados appreciates the change of pace.
The warg bites you but does no damage.
Your Summonings skill increases to level 2!
You smack the orc!
You kill the orc!
Cheibriados appreciates the change of pace.
The warg bites you but does no damage. The warg bites you.
* * * LOW HITPOINT WARNING * * *
You smack the warg!
The warg is moderately wounded.
The orc priest begins to cast a cantrip, but forgets the words!
The warg bites you but does no damage.
You barely miss the orc. You punch the orc!
You kill the orc!
Cheibriados appreciates the change of pace.
The warg bites you!
* * * LOW HITPOINT WARNING * * *
You smack the orc priest!
The orc priest is severely wounded.
The orc priest hits you but does no damage.
The warg bites you.
* * * LOW HITPOINT WARNING * * *
You smack the orc priest!
You kill the orc priest!
Cheibriados appreciates the change of pace.
The warg bites you but does no damage.
Your Dodging skill increases to level 6!
You smack the warg!
The warg is severely wounded.
The warg bites you!
* * * LOW HITPOINT WARNING * * *
The orc hits you but does no damage.
You barely miss the warg.
The warg is severely wounded.
The warg bites you.
You die...

#.# .##..#..# #.....[.# ..#
..8#..#..# #.###.###.### ###
..##..#..# #.........# #
)...#o#..# #####.##### ##+ ##
[...#.'..### #.# ##.. .##
.8.#.'..!o# #.# ##... ..##
...#.'..#o# ##.## ##.... ...###
...#.#.o#h####...####>..)) ...'.#
.##..#.oo♣).........'....)
...###..8#..#..######...####.....
..## ..##..#..# #..## ##.... .##
8.....#..# #†## ##... ##
######8.# #.# ##.. # #.#### #.#
##' #.# #.. #. #.# #.# ######. #
#.# ##. #..(...


You could see a warg, an orc warrior and 4 orcs.

Vanquished Creatures
  The ghost of Ananasrisotto the Covered, a novice MeFi (D:6)
  A hornet (D:7)
  A steam dragon (D:7)
  Duvessa (D:4)
  2 orc warriors (D:6)
  A black bear (D:6)
  2 ogres (D:5)
  A centaur (D:5)
  2 bullfrogs
  A necrophage (D:7)
  3 wights (D:7)
  Dowan (D:4)
  2 hounds
  3 orc priests (D:6)
  Jessica (D:2)
  3 iguanas
  Natasha (thrice) (D:2)
  5 orc wizards
  10 adders
  A shadow imp (D:5)
  A white imp (D:6)
  A worm (D:2)
  A dart slug (D:2)
  24 orcs
  4 ball pythons
  2 bats
  3 endoplasms
  A giant cockroach (D:3)
  9 goblins
  4 hobgoblins
  5 quokkas
  5 frilled lizards
  6 kobolds
  6 rats
117 creatures vanquished.

Vanquished Creatures (collateral kills)
  5 wights (D:7)
  A white imp (D:5)
  2 orcs (D:5)
8 creatures vanquished.

Vanquished Creatures (others)
  2 plants (D:6)
2 creatures vanquished.

Grand Total: 127 creatures vanquished

Notes
Turn   | Place    | Note
-------+----------+-------------------------------------------
     0 | D:1      | M4edhros the Octopode Artificer began the quest for the
                  | Orb.
     0 | D:1      | Reached XP level 1. HP: 13/13 MP: 1/1
   174 | D:5      | Entered Level 5 of the Dungeon
   174 | D:5      | Noticed a centaur
   178 | D:5      | Reached XP level 2. HP: 5/18 MP: 2/2
   256 | D:6      | Reached skill level 1 in Unarmed Combat
   256 | D:6      | Reached XP level 3. HP: 15/23 MP: 3/3
   424 | D:5      | Reached XP level 4. HP: 4/29 MP: 4/4
   564 | D:5      | Found a bloodstained altar of Trog.
   712 | D:5      | Reached XP level 5. HP: 29/34 MP: 5/5
   935 | D:5      | Noticed an ogre
   940 | D:5      | Killed an ogre
   941 | D:5      | Reached XP level 6. HP: 41/41 MP: 6/6
   951 | D:5      | HP: 2/41 [ogre/+0 giant spiked club (39)]
  1433 | D:7      | Noticed a steam dragon
  1441 | D:7      | Reached XP level 7. HP: 45/45 MP: 7/7
  1447 | D:7      | Killed a steam dragon
  1502 | D:7      | Noticed a hornet
  1510 | D:7      | Reached skill level 5 in Stealth
  1511 | D:7      | Reached skill level 5 in Evocations
  1511 | D:7      | Reached XP level 8. HP: 40/52 MP: 8/8
  1514 | D:7      | Reached skill level 5 in Unarmed Combat
  1561 | D:7      | Found a staircase to the Ecumenical Temple.
  1566 | Temple   | Entered the Ecumenical Temple
  1574 | Temple   | Became a worshipper of Cheibriados the Contemplative
  1752 | D:2      | Noticed Natasha
  1760 | D:2      | Killed Natasha
  1835 | D:2      | Noticed Natasha
  1843 | D:2      | Killed Natasha
  1896 | D:2      | Noticed Natasha
  1906 | D:2      | Killed Natasha
  2026 | D:2      | Noticed Jessica
  2029 | D:2      | Killed Jessica
  2178 | D:2      | Reached * piety under Cheibriados
  2796 | D:3      | Learned a level 3 spell: Mephitic Cloud
  2799 | D:3      | Learned a level 2 spell: Call Imp
  2923 | D:3      | Reached ** piety under Cheibriados
  3018 | D:3      | Found an opulent altar of Gozag.
  3230 | D:4      | Found an ancient bone altar of Kikubaaqudgha.
  3238 | D:4      | Noticed Dowan
  3239 | D:4      | Noticed Duvessa
  3248 | D:4      | Killed Duvessa
  3249 | D:4      | Reached skill level 5 in Dodging
  3254 | D:4      | Killed Dowan
  3255 | D:4      | Reached skill level 1 in Poison Magic
  3257 | D:4      | Found a glowing golden altar of the Shining One.
  3265 | D:4      | Found a stormy altar of Qazlal.
  3266 | D:4      | Found a sacrificial altar of Ru.
  3271 | D:4      | Found a radiant altar of Vehumet.
  3335 | D:4      | Found a hide-covered altar of Uskayaw.
  3461 | D:6      | Reached skill level 1 in Conjurations
  3461 | D:6      | Reached skill level 1 in Summonings
  3461 | D:6      | Reached skill level 1 in Air Magic
  3678 | D:6      | Reached XP level 9. HP: 49/58 MP: 9/9
  3858 | D:6      | Reached *** piety under Cheibriados
  3907 | D:6      | Found a runed translucent gate.
  3984 | D:6      | Noticed Ananasrisotto's ghost (novice MeFi)
  3985 | D:6      | Found a runed translucent gate.
  3986 | D:6      | Found a runed translucent gate.
  3986 | D:6      | Identified the +0 plate armour of Xolonaimu {rCorr}
  4051 | D:6      | HP: 1/87 [Ananasrisotto's ghost (11)]
  4052 | D:6      | Gained mutation: You are strong-willed. (Will+) [potion of
                  | mutation]
  4060 | D:6      | Killed Ananasrisotto's ghost
  4071 | D:6      | HP: 1/87 [warg (9)]
  4072 | D:6      | Slain by a warg

Illustrated notes

Levels and vault maps discovered:
D:1:      ebering_hopf_link, layout_basic
D:2:      layout_loops_ring, grunt_ministairs_2, kennysheep_decorative_pillar,
          uniq_jessica, uniq_natasha
D:3:      layout_rooms, mainiacjoe_overflow_24_doors, serial_bayou_pond_d
D:4:      layout_loops_ring, nicolae_uskayaw_murder_on_the_dancefloor,
          nicolae_overflow_hallway_of_the_gods, minmay_tree_intersection,
          uniq_duvessa
D:5:      layout_basic, mainiacjoe_overflow_alcove_1, kennysheep_generic_room_14
D:6:      layout_loops_corners, biasface_ghost_orc_armoury,
          serial_bayou_lagoon_a
D:7:      layout_cave_pools, minmay_temple_entry_nine_rooms,
          kennysheep_big_empty_room, chequers_hall_statues_y
Temple:   hellmonk_temple_rainy

Skill      XL: |  1  2  3  4  5  6  7  8  9 |
---------------+----------------------------+-----
Stealth        | 2 3 4 5 6 |  6.9
Unarmed Combat | 1 2 3 4 6 |  6.7
Dodging        | 3 4 5 6 |  6.0
Fighting       | 2 3 4 |  4.0
Evocations     | 4 5 |  5.4
Poison Magic   | 1 2 |  2.5
Conjurations   | 1 2 |  2.1
Summonings     | 1 2 |  2.0
Air Magic      | 1 2 |  2.2

Action                   |  1- 3 |  4- 6 |  7- 9 || total
-------------------------+-------+-------+-------++-------
Melee: Unarmed           |    27 |    43 |   204 ||   274
       Constrict         |     9 |     6 |    54 ||    69
       Tentacles         |     9 |     6 |    54 ||    69
       Punch             |       |     2 |    11 ||    13
Evoke: Wand              |     5 |     9 |    14 ||    28
  Use: Potion            |       |       |     8 ||     8
       Scroll            |       |       |     8 ||     8
 Stab: Sleeping          |     1 |     3 |    16 ||    20
Armor: Skin              |     2 |     2 |    26 ||    30
Dodge: Dodged            |    19 |    21 |   130 ||   170

Table legend: (Time is in decaauts)
 A = Elapsed time spent in this place.
 B = Non-inter-level travel time spent in this place.
 C = Inter-level travel time spent in this place.
 D = Time resting spent in this place.
 E = Time spent auto-exploring this place.
 F = Levels seen in this place.
 G = Mean time per level.
                   A        B        C        D        E       F      G
               +--------+--------+--------+--------+--------+-----+--------+
         Total |   4817 |   4350 |    467 |     74 |   2721 |   8 |  602.1 |
       Dungeon |   4798 |   4341 |    457 |     74 |   2721 |   7 |  685.4 |
        Temple |     18 |      8 |     10 |      0 |      0 |   1 |   18.0 |
               +--------+--------+--------+--------+--------+-----+--------+

Top non-repeatable levels by time:
     D:6: 1163 daAuts
     D:5: 1042 daAuts
     D:2: 760 daAuts
     D:3: 674 daAuts
     D:1: 527 daAuts
     D:4: 448 daAuts
     D:7: 181 daAuts
  Temple: 18 daAuts
